[Event "Titled Tuesday Blitz December 27 Late 2022"]
[White "Ai, Evan"]
[Black "Dias, Joao Batista"]
[WhiteFideId "2094770"]
[BlackFideId "2108240"]
[WhiteElo "2055"]
[BlackElo "1796"]
[Result "0-1"]
[Round "04"]
[TimeControl "180+2"]
[Date "2022.12.27"]
[WhiteClock "0:02:47"]
[BlackClock "0:02:51"]

1. e4 e5 2. Nf3 Nc6 3. Bb5 d6 4. c3 Nf6 5. Qe2 Be7 6. d4 exd4 7. cxd4 O-O 8. O-O Bg4 9. Bxc6 Bxf3 10. h3 Bxe2 0-1


[Site "https://www.chess.com"]

[Event "Titled Tuesday Blitz December 27 Late 2022"]
[White "Albertini, Luca"]
[Black "Poliakova, Varvara"]
[WhiteFideId "847038"]
[BlackFideId "13518313"]
[WhiteElo "2084"]
[BlackElo "2010"]
[Result "1-0"]
[Round "04"]
[TimeControl "180+2"]
[Date "2022.12.27"]
[WhiteClock "0:00:35"]
[BlackClock "0:00:21"]

1. e4 e5 2. Nf3 Nc6 3. Bc4 Bc5 4. b4 Bxb4 5. c3 Bd6 6. d4 Nf6 7. O-O O-O 8. Bg5 h6 9. Bh4 Re8 10. Nbd2 a6 11. Rb1 b5 12. Bd3 Rb8 13. d5 Na5 14. a4 c6 15. c4 g5 16. Bg3 b4 17. h4 g4 18. Nh2 h5 19. f3 Bc5+ 20. Kh1 d6 21. f4 exf4 22. Bxf4 Nh7 23. e5 Qxh4 24. g3 Qe7 25. Qc2 f5 26. e6 b3 27. Nxb3 Nxb3 28. Rxb3 Rxb3 29. Qxb3 cxd5 30. cxd5 Ng5 31. Bxf5 Nh3 32. Bg6 Rf8 33. Bxh5 Nxf4 34. Bf7+ Kg7 35. Rxf4 Rh8 36. Qc3+ Kh7 37. Rxg4 Bb7 38. Qg7# 1-0


[Site "https://www.chess.com"]

[Event "Titled Tuesday Blitz December 27 Late 2022"]
[White "Andreev, Eduard"]
[Black "Ankerst, Mihael"]
[WhiteFideId "14103400"]
[BlackFideId "14602369"]
[WhiteElo "2413"]
[BlackElo "2370"]
[Result "1-0"]
[Round "04"]
[TimeControl "180+2"]
[Date "2022.12.27"]
[WhiteClock "0:01:35"]
[BlackClock "0:01:32"]

1. Nf3 Nf6 2. g3 g6 3. Bg2 Bg7 4. O-O O-O 5. d4 d6 6. c4 Nbd7 7. Nc3 e5 8. e4 c6 9. Re1 exd4 10. Nxd4 Ng4 11. h3 Qb6 12. Nce2 Nge5 13. b3 Nc5 14. Be3 a5 15. Rb1 Ned3 16. Rf1 Ne5 17. Qc2 Re8 18. Kh2 Bd7 19. a3 Qc7 20. b4 axb4 21. axb4 Ne6 22. f4 Nxd4 23. Bxd4 c5 24. bxc5 Nc6 25. Bxg7 Kxg7 26. cxd6 Qxd6 27. e5 Qc5 28. Rxb7 Bf5 29. Qb2 Na5 30. e6+ Kh6 31. Rxf7 1-0


[Site "https://www.chess.com"]

[Event "Titled Tuesday Blitz December 27 Late 2022"]
[White "Antonova, Nadezhda"]
[Black "Grekh, Andrey"]
[WhiteFideId "14700182"]
[BlackFideId "14112418"]
[WhiteElo "1945"]
[BlackElo "2393"]
[Result "0-1"]
[Round "04"]
[TimeControl "180+2"]
[Date "2022.12.27"]
[WhiteClock "0:00:01"]
[BlackClock "0:00:04"]

1. Nf3 c5 2. b3 Nc6 3. Bb2 Nf6 4. g3 g6 5. Bg2 Bg7 6. O-O O-O 7. c4 d6 8. d4 cxd4 9. Nxd4 Nxd4 10. Bxd4 Qc7 11. Nc3 Bd7 12. Nd5 Nxd5 13. Bxg7 Kxg7 14. Bxd5 Bc6 15. Rc1 Rac8 16. Qd4+ f6 17. Be6 Rcd8 18. e4 b6 19. f3 Bb7 20. Rfd1 Bc8 21. Qd5 Bb7 22. Qd4 h5 23. Rd2 Qc5 24. Rcd1 Bc8 25. Bxc8 Rxc8 26. f4 Qxd4+ 27. Rxd4 a5 28. a4 Rc5 29. Rd5 Rxd5 30. Rxd5 Rc8 31. Rb5 Rc6 32. Kf2 Kf7 33. Ke3 Ke6 34. Kd4 Kd7 35. e5 dxe5+ 36. fxe5 f5 37. h4 e6 38. Ke3 Kc7 39. Kf4 Kb7 40. Kg5 Rc8 41. Kxg6 Rg8+ 42. Kxh5 Rxg3 43. Kh6 Kc6 44. c5 bxc5 45. Rb8 f4 46. h5 f3 47. Kh7 Rg5 48. h6 Rxe5 49. Rf8 Rf5 50. Rxf5 exf5 51. Kg6 f2 52. h7 f1=Q 53. h8=Q Qg2+ 54. Kxf5 Qf3+ 55. Kg5 Qe3+ 56. Kf5 Qd3+ 57. Kf4 Qxb3 58. Qe8+ Kc7 59. Qe7+ Kb6 60. Qd6+ Kb7 61. Qd7+ Ka6 0-1


[Site "https://www.chess.com"]

[Event "Titled Tuesday Blitz December 27 Late 2022"]
[White "Araujo, Everson De Moura"]
[Black "Lorenzo De La Riva, Lazaro"]
[WhiteFideId "22737197"]
[BlackFideId "2268809"]
[WhiteElo "1944"]
[BlackElo "2404"]
[Result "0-1"]
[Round "04"]
[TimeControl "180+2"]
[Date "2022.12.27"]
[WhiteClock "0:00:02"]
[BlackClock "0:00:19"]

1. c4 Nf6 2. Nc3 b6 3. d4 Bb7 4. Qc2 g6 5. e4 Bg7 6. e5 Ng8 7. Bf4 d6 8. exd6 cxd6 9. d5 Nf6 10. Nf3 O-O 11. Bd3 Nbd7 12. O-O Rc8 13. Qe2 Re8 14. Rfe1 a6 15. Qd2 b5 16. b3 bxc4 17. bxc4 Nb6 18. Rab1 Ba8 19. Rb4 a5 20. Rxb6 Qxb6 21. Rb1 Qd8 22. h4 Nd7 23. Bh6 Bh8 24. h5 Ne5 25. Nxe5 Bxe5 26. hxg6 hxg6 27. Ne4 e6 28. Bg5 Qc7 29. Nf6+ Kh8 30. Qe3 Kg7 31. Bh6+ Kh8 32. Nxe8 Rxe8 33. Qh3 Kg8 34. Bg5 Bg7 0-1


[Site "https://www.chess.com"]

[Event "Titled Tuesday Blitz December 27 Late 2022"]
[White "Ardila, Oscar Humberto"]
[Black "Garcia Cuenca, Victor"]
[WhiteFideId "4404742"]
[BlackFideId "2250829"]
[WhiteElo "1982"]
[BlackElo "2324"]
[Result "0-1"]
[Round "04"]
[TimeControl "180+2"]
[Date "2022.12.27"]
[WhiteClock "0:00:02"]
[BlackClock "0:00:10"]

1. d4 Nf6 2. c4 c5 3. d5 b5 4. Qc2 g6 5. e4 d6 6. cxb5 a6 7. Nc3 Bg7 8. Nf3 O-O 9. Be2 axb5 10. Bxb5 Na6 11. O-O Nc7 12. Bc6 Rb8 13. Bf4 Ba6 14. Rfe1 Nb5 15. Rad1 Nh5 16. Bg5 h6 17. Be3 Qb6 18. Bxb5 Bxb5 19. Nxb5 Qxb5 20. b3 Rfc8 21. Nd2 Nf6 22. Nc4 Nd7 23. Qd2 Kh7 24. Rc1 Ra8 25. Rc2 Nb6 26. Qd3 Nxc4 27. Qxc4 Qxc4 28. bxc4 Ra4 29. f4 Rca8 30. Ree2 Rb4 31. e5 Raa4 32. Bf2 Rxc4 33. Bg3 Rxc2 34. Rxc2 Rd4 35. Kf2 Rxd5 36. Re2 dxe5 37. fxe5 e6 38. Kf3 g5 39. Ke4 Rd4+ 40. Kf3 Ra4 41. Rc2 Kg6 42. h3 Kf5 43. Rxc5 Rxa2 44. Rc7 Kg6 45. Ke4 Ra4+ 46. Kf3 Ra3+ 47. Kf2 Rxg3 48. Rc5 Ra3 49. g4 Rxh3 50. Kg2 Ra3 51. Rb5 Re3 52. Kf2 Rxe5 53. Rb7 Re4 54. Kf3 Rf4+ 55. Kg3 h5 56. gxh5+ Kf6 57. Rb8 Rh4 58. Rg8 Rxh5 59. Kg4 Rh4+ 60. Kg3 Kg6 61. Rc8 f5 62. Rc6 Kf6 63. Rc7 Re4 64. Rc8 g4 65. Re8 Kf7 66. Rc8 Be5+ 67. Kf2 f4 68. Ra8 Rb4 69. Ra7+ Kf6 70. Ra8 Kf5 71. Rf8+ Ke4 72. Rg8 Rb2+ 73. Ke1 g3 74. Kd1 Kf3 75. Rg5 Bd4 76. Kc1 e5 77. Rf5 g2 0-1


[Site "https://www.chess.com"]

[Event "Titled Tuesday Blitz December 27 Late 2022"]
[White "Arencibia Monduy, Antonio"]
[Black "Potapova, Margarita"]
[WhiteFideId "3507939"]
[BlackFideId "14126869"]
[WhiteElo "2122"]
[BlackElo "2104"]
[Result "1/2-1/2"]
[Round "04"]
[TimeControl "180+2"]
[Date "2022.12.27"]
[WhiteClock "0:00:09"]
[BlackClock "0:00:09"]

1. d4 Nf6 2. Nf3 d5 3. g3 c5 4. c3 Nc6 5. Bg2 Bf5 6. O-O e6 7. Bf4 h6 8. Ne5 Be7 9. Nxc6 bxc6 10. Nd2 O-O 11. Re1 cxd4 12. cxd4 Qb6 13. Nb3 a5 14. Qd2 a4 15. Nc5 Bxc5 16. dxc5 Qxc5 17. Rac1 Qb6 18. Be3 Qb7 19. Bc5 Rfb8 20. Ba3 Ne4 21. Bxe4 Bxe4 22. f3 Bg6 23. Rc5 Qb6 24. Rc1 e5 25. Kg2 Rc8 26. Qc3 Qa6 27. Kf1 d4 28. Qd2 f6 29. h4 Bf5 30. g4 Be6 31. g5 fxg5 32. hxg5 Rf8 33. Kg2 e4 34. Rxc6 exf3+ 35. exf3 Qb7 36. Bxf8 Rxf8 37. Qxd4 Qf7 38. R1c3 Qg6 39. Rxe6 Qxe6 40. Qc4 Qxc4 41. Rxc4 Rb8 42. Rxa4 Rxb2+ 43. Kg3 hxg5 44. Ra5 Kf7 45. Kg4 Rg2+ 46. Kf5 g6+ 47. Ke4 g4 48. Ra7+ Kf6 49. Ra6+ Kg5 50. fxg4 Rxg4+ 51. Kf3 Rf4+ 52. Kg3 Rf5 53. Ra4 Rc5 54. Ra3 Rb5 55. Rc3 Ra5 56. a3 Kh5 57. Rb3 g5 58. Rc3 Rd5 59. Rb3 Rd1 60. Rc3 Rb1 61. Rd3 Re1 62. Rc3 Rg1+ 63. Kh2 Rg4 64. Rh3+ Kg6 65. Rg3 Rc4 66. Rd3 Kf5 67. Kg3 Ra4 68. Rb3 Rd4 69. Rb5+ Kg6 70. Rb3 Kh5 71. Rc3 Rd1 72. Rb3 Rg1+ 73. Kh3 Rh1+ 74. Kg3 Rh4 75. Kg2 Rd4 76. Kg3 Rd2 77. Rc3 Ra2 78. Rb3 Ra1 79. Rc3 Rd1 80. Rb3 Rd4 81. Rc3 Rd8 82. Rb3 Re8 83. Rc3 Rf8 84. a4 Rf5 85. Rc4 Rf1 86. Kg2 Ra1 87. Kg3 Ra3+ 88. Kg2 g4 89. Rc8 Rxa4 90. Rh8+ Kg5 91. Rg8+ Kh5 92. Rh8+ Kg6 93. Rg8+ Kf7 94. Rb8 Kf6 95. Rb5 Rc4 96. Kg3 Rc3+ 97. Kxg4 Re3 98. Kf4 Re6 99. Rf5+ Ke7 100. Rg5 Rf6+ 101. Ke4 Re6+ 102. Re5 Rxe5+ 103. Kxe5 1/2-1/2


[Site "https://www.chess.com"]

[Event "Titled Tuesday Blitz December 27 Late 2022"]
[White "Averjanov, Alexey"]
[Black "Moskvin, Anatoly"]
[WhiteFideId "14109867"]
[BlackFideId "24199990"]
[WhiteElo "2399"]
[BlackElo "2189"]
[Result "1-0"]
[Round "04"]
[TimeControl "180+2"]
[Date "2022.12.27"]
[WhiteClock "0:01:06"]
[BlackClock "0:00:05"]

1. d4 d5 2. c4 e5 3. dxe5 d4 4. Nf3 Nc6 5. g3 Be6 6. Nbd2 Qd7 7. Bg2 Bh3 8. O-O h5 9. Ne4 O-O-O 10. Bg5 Be7 11. b4 f6 12. exf6 gxf6 13. Bf4 h4 14. b5 Na5 15. Qa4 b6 16. Rad1 hxg3 17. Bxg3 Bxg2 18. Kxg2 Qf5 19. Qc2 Qh3+ 20. Kg1 Nh6 21. c5 Rd7 22. cxb6 axb6 23. Rxd4 c5 24. bxc6 Rxd4 25. Nxd4 Ng4 26. Nf5 Nxh2 27. Nxe7+ Kd8 28. Qd3+ Kxe7 29. Qd6+ Ke8 30. Qd7+ Qxd7 31. cxd7+ Kxd7 32. Bxh2 Nc4 33. Nxf6+ Ke6 34. Ng4 Rg8 35. f3 Ra8 36. Rc1 b5 37. Rb1 Na3 38. Rb3 Kd5 39. Ne3+ Kc5 40. Bg3 Nc4 41. Nxc4 bxc4 42. Rc3 Rxa2 43. Kf2 Kd4 44. Rc1 Rb2 45. Bf4 Ra2 46. Be3+ Kd5 47. f4 Ra4 48. Kf3 Ra3 49. Rc2 Rb3 50. Rd2+ Ke6 51. Ke4 c3 52. f5+ Kf7 53. Rd7+ Ke8 54. Rc7 Rb4+ 55. Bd4 c2 56. Rxc2 Kd7 57. Kd5 Ke8 58. e4 Kf7 59. Rc7+ Kg8 60. e5 Rb5+ 61. Bc5 Ra5 62. f6 Kh8 63. f7 Ra8 64. f8=Q+ Rxf8 65. Bxf8 Kg8 66. Bd6 Kh8 67. e6 Kg8 68. Rf7 Kh8 69. Ke5 1-0


[Site "https://www.chess.com"]

[Event "Titled Tuesday Blitz December 27 Late 2022"]
[White "Ballester Llagaria, Luis Eduardo"]
[Black "Jones, Gawain C B"]
[WhiteFideId "2297620"]
[BlackFideId "409561"]
[WhiteElo "2298"]
[BlackElo "2618"]
[Result "1-0"]
[Round "04"]
[TimeControl "180+2"]
[Date "2022.12.27"]
[WhiteClock "0:00:49"]
[BlackClock "0:00:08"]

1. e4 c5 2. Nc3 Nc6 3. Bb5 Nd4 4. Nf3 Nf6 5. e5 Nxb5 6. Nxb5 Nd5 7. Ng5 Qb6 8. Qf3 f6 9. Qxd5 fxg5 10. Nc3 g6 11. d3 g4 12. h3 gxh3 13. Rxh3 Qc6 14. Rf3 e6 15. Qxc6 bxc6 16. Ne4 Be7 17. Bg5 Bxg5 18. Nxg5 d6 19. exd6 Rf8 20. Rxf8+ Kxf8 21. Nxh7+ Kg7 22. Ng5 Kf6 23. Ne4+ Ke5 24. c4 Bd7 25. Ke2 Rh8 26. Ke3 Rf8 27. Rh1 Rf7 28. g3 Be8 29. f4+ Kf5 30. Rh8 Bd7 31. Rh4 e5 32. g4+ Ke6 33. Ng5+ Kf6 34. Nxf7 exf4+ 35. Kxf4 Kxf7 36. Ke5 Kg7 37. g5 Bf5 38. Rf4 Bd7 39. Rf6 a5 40. Re6 Kf8 41. Re7 Bf5 42. Kf6 1-0


[Site "https://www.chess.com"]

[Event "Titled Tuesday Blitz December 27 Late 2022"]
[White "Bambino Filho, Antonio Carlos"]
[Black "Fishbein, Alexander"]
[WhiteFideId "2113163"]
[BlackFideId "2000377"]
[WhiteElo "2144"]
[BlackElo "2366"]
[Result "1/2-1/2"]
[Round "04"]
[TimeControl "180+2"]
[Date "2022.12.27"]
[WhiteClock "0:00:18"]
[BlackClock "0:01:19"]

1. e4 e6 2. Nc3 d5 3. Nf3 Nf6 4. e5 Nfd7 5. d4 c5 6. Bg5 Be7 7. Bxe7 Qxe7 8. dxc5 O-O 9. Qd2 Nc6 10. Qf4 Qxc5 11. Bd3 Qb4 12. Qxb4 Nxb4 13. O-O-O a6 14. a3 Nxd3+ 15. cxd3 b5 16. Ne2 d4 17. Nexd4 Bb7 18. Rhe1 Rac8+ 19. Kb1 Nb6 20. Nc2 Bxf3 21. gxf3 Nd5 22. Ne3 Nf4 23. d4 Rfd8 24. Rd2 Rc7 25. Rc1 Rxc1+ 26. Kxc1 Rxd4 27. Nc2 Rxd2 28. Kxd2 Ng6 29. Nb4 Nxe5 30. Nxa6 Nxf3+ 31. Ke3 Ne5 32. b3 Nc6 33. Nc7 Na5 34. Nxb5 Nxb3 35. Kd3 Kf8 36. Kc3 Nc5 37. Kc4 Ne4 38. a4 Ke7 39. a5 Kd7 40. a6 Kc6 41. a7 Kb7 42. f3 Nd2+ 43. Kd3 Nxf3 44. h3 g5 45. Nd6+ Kxa7 46. Nxf7 h6 47. Ke3 Ng1 48. Nxh6 Nxh3 49. Ke4 Kb6 50. Ke5 Nf4 51. Kf6 Kc5 52. Kxg5 e5 53. Kf5 Kd4 54. Ng4 Nd3 55. Nxe5 1/2-1/2


[Site "https://www.chess.com"]

[Event "Titled Tuesday Blitz December 27 Late 2022"]
[White "Barp, Alberto"]
[Black "Della Corte, Alessandro"]
[WhiteFideId "872555"]
[BlackFideId "813540"]
[WhiteElo "2432"]
[BlackElo "2160"]
[Result "1-0"]
[Round "04"]
[TimeControl "180+2"]
[Date "2022.12.27"]
[WhiteClock "0:01:11"]
[BlackClock "0:00:24"]

1. d4 d5 2. c4 e6 3. Nf3 Nf6 4. Nc3 Be7 5. Bf4 O-O 6. e3 Nbd7 7. c5 Ne4 8. Rc1 f5 9. Ne5 Nxe5 10. Bxe5 Bf6 11. Bxf6 gxf6 12. Be2 c6 13. O-O Bd7 14. b4 a6 15. a4 Kh8 16. f3 Nxc3 17. Rxc3 Rg8 18. Bd3 Rg7 19. e4 fxe4 20. fxe4 Qe7 21. Qe2 Rag8 22. g3 Be8 23. exd5 cxd5 24. Re1 Bd7 25. Bf5 Bxa4 26. Bxe6 Re8 27. Re3 Qc7 28. Bxd5 Rxe3 29. Qxe3 Rd7 30. Be6 Re7 31. d5 Qd8 32. Qh6 Bc6 33. Qxf6+ Rg7 34. Qxd8+ Rg8 35. Qxg8# 1-0


[Site "https://www.chess.com"]

[Event "Titled Tuesday Blitz December 27 Late 2022"]
[White "Bas Mas, Jose Joaquin"]
[Black "Marcolino, Daniel Mattos"]
[WhiteFideId "22219064"]
[BlackFideId "2106841"]
[WhiteElo "2197"]
[BlackElo "2006"]
[Result "1-0"]
[Round "04"]
[TimeControl "180+2"]
[Date "2022.12.27"]
[WhiteClock "0:02:06"]
[BlackClock "0:00:36"]

1. e4 c6 2. Nc3 d5 3. d3 e5 4. Nf3 Bd6 5. exd5 cxd5 6. Nxd5 Qa5+ 7. Nc3 Nf6 8. Be2 O-O 9. O-O Nc6 10. h3 Re8 11. Bg5 Nd4 12. Bxf6 Nxe2+ 13. Qxe2 gxf6 14. Ne4 Be7 15. Ng3 Qb4 16. c3 Qf4 17. Qe3 Bd6 18. Qxf4 exf4 19. Ne4 Be7 20. Rfe1 f5 21. Nf6+ 1-0


[Site "https://www.chess.com"]

[Event "Titled Tuesday Blitz December 27 Late 2022"]
[White "Baskakov, Egor"]
[Black "Putnam, Liam"]
[WhiteFideId "24197866"]
[BlackFideId "30938279"]
[WhiteElo "2215"]
[BlackElo "2285"]
[Result "0-1"]
[Round "04"]
[TimeControl "180+2"]
[Date "2022.12.27"]
[WhiteClock "0:00:09"]
[BlackClock "0:00:09"]

1. e4 c5 2. Nf3 d6 3. d4 cxd4 4. Nxd4 Nf6 5. Nc3 Nc6 6. g3 g6 7. Nde2 h5 8. h3 Bg7 9. Bg2 O-O 10. O-O a6 11. a4 Bd7 12. Nd5 Rc8 13. Be3 Nxd5 14. exd5 Ne5 15. b3 Bf5 16. Nd4 Nd7 17. Nxf5 gxf5 18. Qxh5 e6 19. dxe6 fxe6 20. Rad1 Qe7 21. c4 Nc5 22. Rb1 a5 23. Rfd1 b6 24. Bg5 Qc7 25. Qh4 Rf7 26. Bf3 Rd7 27. Rd2 Bc3 28. Re2 Rh7 29. Qf4 Be5 30. Qd2 Rxh3 31. Kg2 Qh7 32. Bh4 Rxh4 33. gxh4 Kf7 34. Rh1 Rg8+ 35. Kf1 Nxb3 36. Qd1 Nc5 37. Qb1 Rb8 38. h5 Nxa4 39. Qb5 Nc5 40. Qc6 Kf6 41. h6 Qd7 42. h7 Qxc6 43. Bxc6 Rh8 44. Re3 Kg7 45. Reh3 a4 46. Rg1+ Kf7 47. Ke2 Bb2 48. Bf3 a3 49. Bh5+ Ke7 50. Rg8 a2 51. Rh1 a1=Q 52. Rxa1 Bxa1 53. Bg6 Nd7 54. f3 Bf6 55. Kf2 Ne5 0-1


[Site "https://www.chess.com"]

[Event "Titled Tuesday Blitz December 27 Late 2022"]
[White "Battlecruiser_Operational"]
[Black "Kokoszczynski, Jan"]
[BlackFideId "1174460"]
[WhiteElo "2417"]
[BlackElo "2247"]
[Result "1-0"]
[Round "04"]
[TimeControl "180+2"]
[Date "2022.12.27"]
[WhiteClock "0:00:02"]
[BlackClock "0:00:01"]

1. d4 Nf6 2. c4 g6 3. Nc3 Bg7 4. e4 O-O 5. Nf3 d6 6. Be2 Bg4 7. Be3 Nc6 8. d5 Bxf3 9. Bxf3 Ne5 10. Be2 e6 11. O-O exd5 12. cxd5 Re8 13. Rc1 a6 14. f4 Ned7 15. Bf3 b5 16. a3 Rb8 17. Qd3 Nb6 18. b3 Qe7 19. Rfe1 Nfd7 20. Bf2 Qf8 21. Ne2 Rec8 22. Nd4 c5 23. dxc6 Nc5 24. Qd1 Rc7 25. Re2 Rbc8 26. e5 dxe5 27. fxe5 Rd8 28. Qc2 Bh6 29. Qxc5 Bxc1 30. Qxc1 Nd5 31. e6 Re7 32. Bh4 f6 33. Qc5 Nf4 34. Re4 g5 35. Bg3 Nd3 36. Qc3 Ne5 37. Bxe5 fxe5 38. Rxe5 Qf4 39. Ne2 Qf6 40. Qe3 Rc8 41. Rxg5+ Kh8 42. Qe5 Rxe6 43. Qxf6+ Rxf6 44. Nd4 Rd6 45. Nf5 Rd2 46. h4 a5 47. Ne7 Re8 48. c7 Rc2 49. Bc6 1-0


[Site "https://www.chess.com"]

[Event "Titled Tuesday Blitz December 27 Late 2022"]
[White "Beerdsen, Thomas"]
[Black "Zakhartsov, Vladimir"]
[WhiteFideId "1030108"]
[BlackFideId "4145097"]
[WhiteElo "2507"]
[BlackElo "2552"]
[Result "0-1"]
[Round "04"]
[TimeControl "180+2"]
[Date "2022.12.27"]
[WhiteClock "0:00:10"]
[BlackClock "0:00:11"]

1. e4 c5 2. Nf3 Nc6 3. Bc4 e6 4. O-O d5 5. Bb5 dxe4 6. Ne5 Qc7 7. Nxc6 bxc6 8. Bc4 Bd6 9. Kh1 Nf6 10. Nc3 Bxh2 11. g3 Bxg3 12. fxg3 Qxg3 13. Qe2 e5 14. Qh2 Qxh2+ 15. Kxh2 Ng4+ 16. Kg1 f5 17. d3 e3 18. Re1 f4 19. Ne4 h5 20. Kg2 h4 21. Kf3 h3 22. Nd6+ Kd7 23. Nxc8 Nh2+ 24. Ke4 Raxc8 25. b4 Ng4 26. bxc5 h2 27. Bb2 h1=Q+ 28. Rxh1 Rxh1 29. Rxh1 Nf2+ 30. Kxe5 Nxh1 31. Be6+ Kc7 32. Bxc8 f3 33. Bh3 e2 34. Bg4 e1=Q+ 35. Kf4 f2 0-1


[Site "https://www.chess.com"]

[Event "Titled Tuesday Blitz December 27 Late 2022"]
[White "Bilan, Danila"]
[Black "Goltsev, Dmitry"]
[WhiteFideId "24161918"]
[BlackFideId "24176710"]
[WhiteElo "2303"]
[BlackElo "2269"]
[Result "1-0"]
[Round "04"]
[TimeControl "180+2"]
[Date "2022.12.27"]
[WhiteClock "0:00:03"]
[BlackClock "0:00:04"]

1. d4 Nf6 2. Nf3 e6 3. g3 d5 4. Bg2 c5 5. O-O Nc6 6. c4 cxd4 7. Nxd4 Bc5 8. Nb3 Be7 9. cxd5 exd5 10. Nd4 O-O 11. Nc3 a6 12. Bf4 Be6 13. Rc1 Rc8 14. Nxe6 fxe6 15. Bh3 Qd7 16. Na4 Bd8 17. Nc5 Qe7 18. Bxe6+ Kh8 19. Bxc8 Bb6 20. Bxb7 Nd8 21. Bxd5 Bxc5 22. Bf3 Ne6 23. Be5 Nd7 24. Rxc5 Qxc5 25. Bd6 Qb5 26. Bxf8 Ndxf8 27. Qd6 Qe8 28. b4 h5 29. h4 g5 30. Qe5+ Kh7 31. Be4+ Kg8 32. hxg5 Qe7 33. Bd5 Kf7 34. f4 Ke8 35. a3 a5 36. Rc1 axb4 37. axb4 h4 38. Rc8+ Kd7 39. Bxe6+ Nxe6 40. Rc3 hxg3 41. Rd3+ Ke8 42. Rxg3 Qa7+ 43. Re3 Kf8 44. Qxe6 Qa1+ 45. Kf2 Qh1 46. Qe8+ Kg7 47. Re7# 1-0


[Site "https://www.chess.com"]

[Event "Titled Tuesday Blitz December 27 Late 2022"]
[White "Bjelobrk, Igor"]
[Black "Bochnicka, Vladimir"]
[WhiteFideId "4300726"]
[BlackFideId "14943450"]
[WhiteElo "2403"]
[BlackElo "2327"]
[Result "1-0"]
[Round "04"]
[TimeControl "180+2"]
[Date "2022.12.27"]
[WhiteClock "0:00:25"]
[BlackClock "0:00:15"]

1. Nf3 c5 2. g3 Nc6 3. c4 g6 4. Nc3 Bg7 5. Bg2 e5 6. d3 Nge7 7. h4 h5 8. Ng5 O-O 9. a3 d6 10. Rb1 a5 11. Bd2 Rb8 12. O-O f6 13. Nge4 Be6 14. Nb5 Nc8 15. b4 axb4 16. axb4 Nxb4 17. Bxb4 cxb4 18. Rxb4 d5 19. Nc5 Bf7 20. cxd5 Bxd5 21. Bxd5+ Qxd5 22. Qb3 Qxb3 23. Rxb3 Rd8 24. Rfb1 Kf7 25. Nc7 b6 26. N5a6 Rb7 27. Nb5 Bf8 28. Rc1 Na7 29. Nxa7 Rxa7 30. Rxb6 Rd6 31. Rcc6 Rxc6 32. Rxc6 Rb7 33. Rc7+ Rxc7 34. Nxc7 Bd6 35. Nb5 Bc5 36. Kg2 Ke6 37. e4 f5 38. f3 fxe4 39. dxe4 Kf6 40. g4 Be3 41. Nc3 Bd2 42. Nd5+ Ke6 43. Kf2 Bh6 44. g5 Bf8 45. f4 exf4 46. Nxf4+ Kf7 47. e5 Bc5+ 48. Kf3 Bd4 49. e6+ Ke7 50. Nxg6+ Kxe6 51. Nf4+ Kf5 52. Nxh5 Bf2 53. Kxf2 Kg4 54. g6 1-0


[Site "https://www.chess.com"]

[Event "Titled Tuesday Blitz December 27 Late 2022"]
[White "Boros, Denes"]
[Black "Marjanovic, Annamaria"]
[WhiteFideId "722340"]
[BlackFideId "750930"]
[WhiteElo "2406"]
[BlackElo "2273"]
[Result "1-0"]
[Round "04"]
[TimeControl "180+2"]
[Date "2022.12.27"]
[WhiteClock "0:01:38"]
[BlackClock "0:00:39"]

1. Nf3 d5 2. d4 Nf6 3. Nc3 e6 4. Bg5 Be7 5. Bxf6 Bxf6 6. e4 dxe4 7. Nxe4 Be7 8. Qd3 Nd7 9. O-O-O Nf6 10. h4 Nxe4 11. Qxe4 Qd5 12. Bd3 Qxa2 13. c3 Qd5 14. Qf4 Bd6 15. Qg4 g6 16. h5 Rg8 17. hxg6 hxg6 18. c4 Qa5 19. c5 Qa1+ 20. Kc2 Qa4+ 21. Kb1 Bxc5 22. Qg5 Be7 23. Bb5+ Bd7 24. Bxa4 Bxg5 25. Bxd7+ Kxd7 26. Nxg5 Rg7 27. d5 e5 28. Rhe1 Re8 29. Ne4 Kd8 30. d6 c6 31. Nc5 f5 32. d7 Ree7 33. Nxb7+ 1-0


[Site "https://www.chess.com"]

[Event "Titled Tuesday Blitz December 27 Late 2022"]
[White "Carbone, Diego"]
[Black "Butolo, Alexandru-Mircea"]
[WhiteFideId "3002179"]
[BlackFideId "1261649"]
[WhiteElo "2336"]
[BlackElo "2033"]
[Result "1-0"]
[Round "04"]
[TimeControl "180+2"]
[Date "2022.12.27"]
[WhiteClock "0:01:57"]
[BlackClock "0:00:35"]

1. d4 Nf6 2. c4 e6 3. g3 d5 4. Nf3 c6 5. Bg2 dxc4 6. O-O Nbd7 7. a4 Bd6 8. Qc2 O-O 9. Qxc4 e5 10. Nc3 Qe7 11. e4 exd4 12. Nxd4 Ne5 13. Qe2 a6 14. h3 c5 15. Nf5 Bxf5 16. exf5 Rad8 17. Bg5 h6 18. Nd5 1-0


[Site "https://www.chess.com"]

[Event "Titled Tuesday Blitz December 27 Late 2022"]
[White "Darini, Pouria"]
[Black "Wu, Brandon"]
[WhiteFideId "12502200"]
[BlackFideId "30909228"]
[WhiteElo "2401"]
[BlackElo "2123"]
[Result "0-1"]
[Round "04"]
[TimeControl "180+2"]
[Date "2022.12.27"]
[WhiteClock "0:00:02"]
[BlackClock "0:00:44"]

1. d4 Nf6 2. c4 g6 3. Nc3 d5 4. cxd5 Nxd5 5. Nf3 Bg7 6. Bg5 c5 7. Rc1 Nxc3 8. bxc3 Qa5 9. Qd2 h6 10. Bh4 g5 11. Bg3 Bf5 12. h4 g4 13. Ne5 Nc6 14. Nxc6 bxc6 15. e3 cxd4 16. cxd4 Qxd2+ 17. Kxd2 Kd7 18. Bd3 Be6 19. Rb1 Rhd8 20. Be4 Bd5 21. Bf5+ Ke8 22. Bxg4 Bxa2 23. Ra1 Bd5 24. Bc7 c5 25. Bxd8 Rxd8 26. Rxa7 cxd4 27. exd4 Bxd4 28. Ra4 Bxg2 29. Rg1 Bc6 30. Rxd4 Rxd4+ 31. Ke3 Re4+ 32. Kd3 e6 33. f3 Ra4 34. Rc1 Ra3+ 35. Ke2 Kd7 36. f4 f5 37. Bh5 Rh3 38. Rd1+ Ke7 39. Rc1 Kd6 40. Kf2 Rxh4 41. Be2 Rxf4+ 42. Kg3 Re4 43. Bd3 Re3+ 0-1


[Site "https://www.chess.com"]

[Event "Titled Tuesday Blitz December 27 Late 2022"]
[White "Deac, Bogdan-Daniel"]
[Black "Avila Pavas, Santiago"]
[WhiteFideId "1226380"]
[BlackFideId "4437128"]
[WhiteElo "2700"]
[BlackElo "2522"]
[Result "1-0"]
[Round "04"]
[TimeControl "180+2"]
[Date "2022.12.27"]
[WhiteClock "0:00:06"]
[BlackClock "0:00:05"]

1. d4 Nf6 2. Nf3 e6 3. Bf4 d5 4. e3 Bd6 5. Bg3 c5 6. c4 cxd4 7. Nxd4 Bb4+ 8. Nc3 O-O 9. Qb3 Qa5 10. Rc1 Ne4 11. cxd5 exd5 12. Bd3 Nc6 13. Ne2 Bf5 14. Bxe4 dxe4 15. a3 Bxc3+ 16. Nxc3 Be6 17. Qb5 Rad8 18. Qxb7 Rc8 19. O-O Bc4 20. Rfd1 Bd3 21. Qb3 Rfd8 22. Qa4 Qxa4 23. Nxa4 Na5 24. Nc5 Nc4 25. b4 Nxa3 26. f3 f5 27. Bh4 Rd5 28. fxe4 fxe4 29. Ra1 Nc4 30. Rxa7 Nxe3 31. Rda1 Rf8 32. Ne6 Rf1+ 33. Rxf1 Bxf1 34. Rxg7+ Kh8 35. Bf6 Rf5 36. Rf7+ Rxf6 37. Rxf6 1-0


[Site "https://www.chess.com"]

[Event "Titled Tuesday Blitz December 27 Late 2022"]
[White "Desideri, Ricardo Maruchi"]
[Black "Clawitter, Craig"]
[WhiteFideId "2110440"]
[BlackFideId "2023105"]
[WhiteElo "1959"]
[BlackElo "2050"]
[Result "1-0"]
[Round "04"]
[TimeControl "180+2"]
[Date "2022.12.27"]
[WhiteClock "0:00:17"]
[BlackClock "0:00:04"]

1. e4 e6 2. d4 d5 3. e5 c5 4. c3 Qb6 5. Nf3 Nc6 6. Bd3 cxd4 7. cxd4 Bd7 8. Bc2 Nb4 9. Nc3 Nxc2+ 10. Qxc2 Rc8 11. O-O Ne7 12. Be3 Nf5 13. Qd2 Be7 14. g4 Nh4 15. Nxh4 Bxh4 16. f4 O-O 17. g5 f6 18. Qg2 fxg5 19. fxg5 Qa6 20. Rad1 Rxf1+ 21. Rxf1 Qd3 22. Qf3 Qg6 23. Qg4 Qd3 24. Qf4 h6 25. gxh6 1-0


[Site "https://www.chess.com"]

[Event "Titled Tuesday Blitz December 27 Late 2022"]
[White "Djokic, Mihailo"]
[Black "Huber, Benedikt"]
[WhiteFideId "976440"]
[BlackFideId "12923583"]
[WhiteElo "2192"]
[BlackElo "2272"]
[Result "1-0"]
[Round "04"]
[TimeControl "180+2"]
[Date "2022.12.27"]
[WhiteClock "0:02:47"]
[BlackClock "0:02:06"]

1. e4 c5 2. Nf3 e6 3. d4 cxd4 4. Nxd4 Nc6 5. Nc3 Qc7 6. Be2 Nf6 7. O-O Be7 8. Be3 O-O 9. f4 d6 10. Kh1 a6 11. Qe1 Nxd4 12. Bxd4 e5 13. fxe5 dxe5 14. Qg3 Qa5 15. Bxe5 Kh8 16. Nd5 1-0


[Site "https://www.chess.com"]